AoeStats
← JoTa

Black Forest

507193817Analyzed
2v2 RM · 14d ago on Sep 17, 2026· 56m 47s· 4 players
Game mode
Random Map
Map size
Medium (4 player)
Population
200
Speed
Normal
Resources
Standard
Victory
Conquest
Starting age
Dark Age
Ending age
Imperial Age
RankedLock teamsTeams togetherTeam positionsShared explorationLock speedFull tech treeHidden civsTurbo modeCheats
Victory
Defeat
🇦🇷 Celts · Argentina
645
+16
🇦🇷 Burgundians · Argentina
582
+19
🇦🇷 Mongols · Argentina
663
-18
🇦🇷 Byzantines · Argentina
637
-17
JoTa
7:12 Loom
11:59 Feudal Age
10:46 Horse Collar
12:40 Heavy Plow
13:28 Double-Bit Axe
14:52 Bow Saw
18:08 Gold Mining
24:52 Castle Age
22:58 Stone Mining
25:24 Stone Shaft Mining
25:26 Forging
25:22 Scale Barding Armor
25:46 Squires
25:32 Arson
36:27 Burgundian Vineyards
37:23 Gold Shaft Mining
38:44 Crop Rotation
43:02 Imperial Age
43:41 Ballistics
43:29 Husbandry
48:40 Chemistry
50:57 Chain Barding Armor
51:12 Iron Casting
51:31 Elite Coustillier
55:25 Blast Furnace
55:01 Plate Barding Armor
55:32 Town Watch
56:23 Wheelbarrow
56:55 Town Patrol
Mainisquiano
5:44 Loom
14:27 Feudal Age
16:42 Wheelbarrow
16:00 Double-Bit Axe
16:11 Gold Mining
16:22 Fishing Lines
24:01 Castle Age
23:08 Forging
23:24 Man-at-Arms
23:49 Arson
24:58 Town Watch
26:26 Scale Mail Armor
27:38 Gillnets
27:49 Pikeman
28:41 Town Patrol
28:52 Long Swordsman
29:18 Gambesons
30:26 Iron Casting
34:26 Chain Mail Armor
38:26 Ballistics
43:40 Hand Cart
47:33 Imperial Age
49:49 Conscription
48:52 Halberdier
48:53 Two-Handed Swordsman
48:56 Capped Ram
51:23 Siege Engineers
51:34 Furor Celtica
53:19 Bow Saw
52:53 Horse Collar
IlDuce.xX82
11:20 Feudal Age
29:52 Castle Age
32:05 Wheelbarrow
31:14 Horse Collar
31:22 Double-Bit Axe
32:07 Gold Mining
35:57 Padded Archer Armor
37:28 Fletching
37:54 Leather Archer Armor
39:38 Gold Shaft Mining
45:30 Imperial Age
47:01 Pikeman
47:41 Squires
48:50 Conscription
KaiserB
3:18 Loom
13:52 Feudal Age
14:29 Double-Bit Axe
14:27 Horse Collar
19:51 Castle Age
18:39 Forging
18:27 Gold Mining
22:39 Padded Archer Armor
22:31 Fletching
24:17 Wheelbarrow
23:59 Bow Saw
26:25 Heavy Plow
27:43 Crossbowman
34:24 Wheelbarrow
34:53 Fortified Wall
37:41 Hand Cart
42:58 Ballistics
46:58 Imperial Age
45:15 Gold Shaft Mining
46:01 Thumb Ring
46:00 Bodkin Arrow
46:21 Leather Archer Armor
47:49 Bracer
48:21 Ring Archer Armor
50:04 Arbalester
52:32 Chemistry
51:07 Arbalester
54:37 Two-Man Saw
54:02 Heavy Camel Rider
Connection lost

Rejoining the realm…

Still unreachable

The connection could not be restored.

Session expired

The server has moved on; the page needs a fresh start.